 Dungeon Crawl Stone Soup version 0.21.0-26-g889b8f6 (webtiles) character file.

109 pk666 the Skirmisher (level 4, -1/42 HPs)
             Began as a Minotaur Berserker on Jan 27, 2018.
             Was a Believer of Trog.
             Slain by an orc wizard
             ... wielding a +0 club
              (5 damage)
             ... on level 2 of the Dungeon.
             The game lasted 00:03:21 (1925 turns).

pk666 the Skirmisher (Minotaur Berserker)           Turns: 1925, Time: 00:03:22

Health: -1/42      AC:  4    Str: 22    XL:     4   Next: 60%
Magic:  3/3        EV: 12    Int:  4    God:    Trog [**....]
Gold:   55         SH:  0    Dex: 10    Spells: 3/3 levels left

rFire    . . .     SeeInvis .   a - +0 hand axe
rCold    . . .     Gourm    .   (no shield)
rNeg     + . .     Faith    .   b - +0 animal skin
rPois    .         Spirit   .   (helmet restricted)
rElec    .         Reflect  .   d - +1 cloak
rCorr    .         Harm     .   (no gloves)
MR       .....                  (no boots)
Stlth    +.........             h - amulet of inaccuracy (curse)
HPRegen  0.14/turn              i - ring of positive energy
MPRegen  0.08/turn              l - ring of flight

@: slowed, very slow
A: retaliatory headbutt, horns 2
a: Berserk, Trog's Hand, Burn Spellbooks, Renounce Religion, Evoke Flight


You were on level 2 of the Dungeon.
You worshipped Trog.
Trog was pleased with you.
You were not hungry.

You visited 1 branch of the dungeon, and saw 2 of its levels.

You collected 55 gold pieces.

Inventory:

Hand Weapons
 a - a +0 hand axe (weapon)
Armour
 b - a +0 animal skin (worn)
 d - a +1 cloak (worn)
Jewellery
 h - a cursed amulet of inaccuracy (around neck)
 i - a ring of positive energy (left hand)
 l - a ring of flight (right hand)
Potions
 e - a potion of degeneration {unknown}
 f - a potion of heal wounds {unknown}
 g - a potion of brilliance {unknown}
 j - 2 potions of lignification {unknown}
 k - a potion of curing {unknown}
Comestibles
 c - 2 rations


   Skills:
 + Level 5.3 Fighting
 + Level 5.3 Axes
 - Level 2.4 Armour
 - Level 2.1 Dodging


You had 3 spell levels left.
You didn't know any spells.

Dungeon Overview and Level Annotations

Branches:
Dungeon (2/15)

Altars:
Fedhas
Makhleb
Nemelex Xobeh


Innate Abilities, Weirdness & Mutations

You reflexively headbutt those who attack you in melee.
You have a pair of horns on your head.


Message History

The orc wizard is heavily wounded.
The orc wizard hits you but does no damage.
The orc wizard closely misses you.
You hit the orc wizard. Your headbutt misses the orc wizard.
The orc wizard is almost dead.
The orc priest invokes the aid of Beogh against you.
Beogh smites you!
* * * LOW HITPOINT WARNING * * *
The orc wizard hits you with a club.
* * * LOW HITPOINT WARNING * * *
You miss the orc wizard.
The orc wizard is almost dead.
The orc wizard gestures at you while chanting.
You feel as though you will be slow longer.
The orc wizard mumbles some strange words.
The orc wizard seems to speed up.
You barely miss the orc wizard. Your headbutt misses the orc wizard.
The orc wizard is almost dead.
The orc wizard hits you with a club.
You die...

**,,,,,,* *,,,,,,* #..)..
,,,,,,,,* #####**,,,,,,* ######
,,,,,,,,*###....**,,....#####...#
,,,,,,,,+,.'....++,,,.......>##..
,,,,,,,,***#....**,,,,...#<...#..
********* #....**,,,,,..##......
#...o*******#.##.#.... ******
#..oo########.##.#.#.#
,,,,,********###@......#......#..
,,,,,',,,.......%......).........
,,,,,****#######...###.####.#..##
,,,,,* #....#####.# #.####.#....
,,,,,* #......<,..###.#........#
****** #.....#*##..,..#....###..
,,* #.....#,.#.#####....###.. *,*
#.....#,...# #######... *+**
#.....##.####***#######).


You could see 2 orc priests and an orc wizard.

Vanquished Creatures
  An orc wizard (D:2)
  3 adders (D:2)
  A worm (D:2)
  2 dart slugs (D:1)
  2 leopard geckos (D:1)
  An orc (D:2)
  3 bats
  A giant cockroach (D:2)
  6 goblins
  4 hobgoblins
  3 jackals (D:2)
  9 kobolds
  A quokka (D:2)
  2 frilled lizards (D:1)
  4 rats
43 creatures vanquished.

Notes
Turn   | Place    | Note
-------+----------+-------------------------------------------
     0 | D:1      | pk666 the Minotaur Berserker began the quest for the Orb.
     0 | D:1      | Reached XP level 1. HP: 19/19 MP: 0/0
    63 | D:1      | Reached XP level 2. HP: 3/27 MP: 1/1
   430 | D:1      | Found a sparkling altar of Nemelex Xobeh.
   918 | D:2      | Reached XP level 3. HP: 22/34 MP: 2/2
   921 | D:2      | Reached ** piety under Trog
  1551 | D:2      | Found a burning altar of Makhleb.
  1551 | D:2      | Found a blossoming altar of Fedhas.
  1580 | D:2      | Reached XP level 4. HP: 21/41 MP: 3/3
  1607 | D:2      | Reached skill level 5 in Fighting
  1840 | D:2      | Reached skill level 5 in Axes
  1925 | D:2      | Slain by an orc wizard

Skill      XL: |  1  2  3  4 |
---------------+-------------+-----
Fighting       | 4 5 |  5.3
Axes           | 4 5 |  5.3
Armour         | |  2.4
Dodging        | |  2.1

Action                   |  1- 3 |  4- 6 || total
-------------------------+-------+-------++-------
Melee: Hand axe          |    98 |    31 ||   129
       Headbutt          |     7 |     7 ||    14
  Use: Scroll            |     3 |       ||     3
  Eat: Chunk             |     2 |     1 ||     3
Armor: Animal skin       |    26 |     4 ||    30
Dodge: Dodged            |    60 |    15 ||    75
